 Dungeon Crawl Stone Soup version 0.26-a0-606-g3c8f2f65f7 (webtiles) character file.

Game seed: 9306530704080467780

5559 Gargoyl the Fighter (level 10, -4/82 HPs)
             Began as a Gnoll Abyssal Knight on Sept 1, 2020.
             Was an Elder of Lugonu.
             Slain by an orc warrior
             ... wielding a +2 flail of holy wrath
              (11 damage)
             ... on level 1 of the Orcish Mines.
             The game lasted 00:11:23 (9271 turns).

Gargoyl the Fighter (Gnoll Abyssal Knight)          Turns: 9271, Time: 00:11:24

Health: -4/82      AC: 22    Str: 22      XL:     10   Next: 71%
Magic:  16/18      EV: 10    Int: 19      God:    Lugonu [****..]
Gold:   482        SH:  0    Dex: 16 (18) Spells: 20/20 levels left

rFire    . . .     SeeInvis .   a - +4 hand axe (protect)
rCold    . . .     Faith    .   (no shield)
rNeg     . . .     Spirit   .   w - +0 plate armour
rPois    +         Reflect  .   (no helmet)
rElec    +         Harm     .   r - +0 cloak
rCorr    .                      (no gloves)
MR       .....                  q - +0 pair of boots
Stlth    ..........             v - amulet of magic regeneration
HPRegen  0.23/turn              g - +6 ring of strength
MPRegen  0.41/turn              x - ring "Baxkuase" {rElec rPois Int+4 Dex+2 Stlth+}

@: protection aura
A: distributed training, fangs 1, strong nose
a: Depart the Abyss, Bend Space, Banish, Corrupt, Renounce Religion


You were on level 1 of the Orcish Mines.
You worshipped Lugonu.
Lugonu was greatly pleased with you.
You visited 2 branches of the dungeon, and saw 10 of its levels.
You visited the Abyss 1 time.

You collected 482 gold pieces.

Inventory:

Hand Weapons
 a - a +4 hand axe of protection (weapon)
 C - a +2 scimitar of flaming
Armour
 q - a +0 pair of boots (worn)
 r - a +0 cloak (worn)
 w - a +0 plate armour (worn)
Jewellery
 b - an uncursed ring of ice {unknown}
 g - a +6 ring of strength (left hand)
 v - an amulet of magic regeneration (around neck)
 x - the ring "Baxkuase" (right hand) {rElec rPois Int+4 Dex+2 Stlth+}
   (You acquired it on level 6 of the Dungeon)

   [ring of intelligence]

   It affects your intelligence (+4).
   It affects your dexterity (+2).
   It insulates you from electricity.
   It protects you from poison.
   It makes you more stealthy.
 D - a +6 ring of strength
Wands
 e - a wand of random effects (23)
 s - a wand of iceblast (11)
Scrolls
 c - 2 scrolls of remove curse
 j - 2 scrolls of fog
 n - 2 scrolls of magic mapping
 p - a scroll of fear
 t - a scroll of teleportation
 y - 3 scrolls of identify
 B - a scroll of enchant weapon
Potions
 d - 3 potions of haste
 f - a potion of stabbing
 h - 3 potions of lignification
 i - 3 potions of ambrosia
 k - a potion of invisibility
 l - 5 potions of curing
 m - a potion of flight
 o - 2 potions of berserk rage {unknown}
 u - 3 potions of degeneration {unknown}
 z - 2 potions of magic {unknown}
 A - 3 potions of heal wounds


   Skills:
 + Level 8.7 Fighting
 + Level 5.5 Short Blades
 + Level 5.5 Long Blades
 + Level 7.3 Axes
 + Level 5.5 Maces & Flails
 + Level 5.5 Polearms
 + Level 5.5 Staves
 + Level 5.5 Slings
 + Level 5.5 Bows
 + Level 5.5 Crossbows
 + Level 5.5 Throwing
 + Level 7.3 Armour
 + Level 6.2 Dodging
 + Level 5.5 Stealth
 + Level 5.5 Shields
 + Level 5.5 Unarmed Combat
 + Level 5.5 Spellcasting
 + Level 4.5 Conjurations
 + Level 4.5 Hexes
 + Level 4.5 Summonings
 + Level 4.5 Necromancy
 + Level 4.5 Translocations
 + Level 4.5 Transmutations
 + Level 4.5 Fire Magic
 + Level 4.5 Ice Magic
 + Level 4.5 Air Magic
 + Level 4.5 Earth Magic
 + Level 4.5 Poison Magic
 + Level 7.7 Invocations
 + Level 5.5 Evocations


You had 20 spell levels left.
You didn't know any spells.
Your spell library was empty.

Dungeon Overview and Level Annotations

Branches:
Dungeon (9/15)             Temple (0/1) D:6             Orc (1/2) D:9
   Lair: D:8-11

Altars:
Dithmenos
Elyvilon
Hepliaklqana
Kikubaaqudgha
Makhleb
Nemelex Xobeh
Ru
Xom


Innate Abilities, Weirdness & Mutations

Your experience applies equally to all skills.
You have very sharp teeth.
Your uncanny sense of smell can sniff out nearby items.


Message History

Aim: a warg (moderately wounded, chance to defeat MR: 72%)
The warg is devoured by a tear in reality.
Lugonu claims a new guest.
The orc warrior barely misses you.
Unknown command.
You hit the orc warrior but do no damage.
The orc warrior is severely wounded.
You slash the orc warrior! Your punch misses the orc warrior.
The orc warrior is almost dead.
The orc warrior hits you with a +2 flail of holy wrath!
* * * LOW HITPOINT WARNING * * *
You hit the orc warrior but do no damage.
The orc warrior is almost dead.
The orc warrior barely misses you.
You barely miss the orc warrior.
You punch the orc warrior, but do no damage.
Your bite misses the orc warrior.
The orc warrior is almost dead.
The orc warrior hits you with a +2 flail of holy wrath!
You die...

.......##.##
..$.......#
#..........
##..........
#...........
##.........
##....o).#.#..
#..$.§@.....#
......))#......
........# ....>
........# ....
.......#. ...
....... . .#
....... . #
.....#. .. ∆


You could see an orc warrior.

Vanquished Creatures
  A two-headed ogre (D:6)
  Erica (D:9)
  A hippogriff (D:7)
  6 yaks (D:8)
  An orc warrior (D:7)
  3 ice beasts
  3 phantoms
  3 ogres
  7 centaurs
  2 bullfrogs
  A scorpion (D:9)
  5 killer bees (D:7)
  3 howler monkeys
  A crimson imp (D:3)
  A quasit (D:9)
  A bullfrog zombie (D:5)
  3 orc priests
  2 hounds
  11 orc wizards
  An iron imp (Abyss:2)
  A centaur skeleton (D:8)
  An iguana (D:9)
  Natasha (thrice) (D:3)
  5 worker ants
  A hound zombie (D:7)
  A hound skeleton (D:6)
  A howler monkey zombie (D:6)
  7 gnolls
  8 adders
  2 shadow imps (D:5)
  3 white imps
  2 ufetubi
  An adder zombie (D:5)
  2 worms
  A dart slug (D:1)
  7 leopard geckos
  30 orcs
  3 bats
  2 giant cockroaches
  5 goblins
  4 hobgoblins
  7 jackals
  7 kobolds
  6 quokkas
  4 ball pythons
  7 frilled lizards
  3 jackal skeletons
  2 quokka skeletons
  5 rats
188 creatures vanquished.

Notes
Turn   | Place    | Note
-------+----------+-------------------------------------------
     0 | Abyss:1  | Gargoyl the Gnoll Abyssal Knight began the quest for the
                  | Orb.
     0 | Abyss:1  | Reached XP level 1. HP: 23/23 MP: 3/3
    76 | Abyss:2  | Noticed an iron imp
    90 | Abyss:2  | Killed an iron imp
    90 | Abyss:2  | Reached XP level 2. HP: 10/29 MP: 5/5
    90 | Abyss:2  | Reached XP level 3. HP: 12/35 MP: 6/6
   124 | Abyss:2  | Noticed a chaos spawn
   129 | Abyss:2  | Noticed a starcursed mass
   141 | Abyss:2  | Noticed a starcursed mass
   142 | Abyss:2  | Noticed a flayed ghost
   142 | Abyss:2  | HP: 1/35 [starcursed mass/accursed screaming (11)]
   144 | D:1      | Escaped the Abyss
  1360 | D:2      | Found an ancient bone altar of Kikubaaqudgha.
  1566 | D:2      | Reached skill level 1 in Short Blades
  1566 | D:2      | Reached skill level 1 in Long Blades
  1566 | D:2      | Reached skill level 1 in Maces & Flails
  1566 | D:2      | Reached skill level 1 in Polearms
  1566 | D:2      | Reached skill level 1 in Staves
  1566 | D:2      | Reached skill level 1 in Slings
  1566 | D:2      | Reached skill level 1 in Bows
  1566 | D:2      | Reached skill level 1 in Crossbows
  1566 | D:2      | Reached skill level 1 in Throwing
  1566 | D:2      | Reached skill level 1 in Stealth
  1566 | D:2      | Reached skill level 1 in Shields
  1566 | D:2      | Reached skill level 1 in Unarmed Combat
  1566 | D:2      | Reached skill level 1 in Spellcasting
  1566 | D:2      | Reached skill level 1 in Evocations
  1566 | D:2      | Reached XP level 4. HP: 21/41 MP: 7/7
  2276 | D:2      | Reached skill level 1 in Conjurations
  2276 | D:2      | Reached skill level 1 in Hexes
  2276 | D:2      | Reached skill level 1 in Summonings
  2276 | D:2      | Reached skill level 1 in Necromancy
  2276 | D:2      | Reached skill level 1 in Translocations
  2276 | D:2      | Reached skill level 1 in Transmutations
  2276 | D:2      | Reached skill level 1 in Fire Magic
  2276 | D:2      | Reached skill level 1 in Ice Magic
  2276 | D:2      | Reached skill level 1 in Air Magic
  2276 | D:2      | Reached skill level 1 in Earth Magic
  2276 | D:2      | Reached skill level 1 in Poison Magic
  2415 | D:3      | Noticed Natasha
  2437 | D:3      | Killed Natasha
  2437 | D:3      | Reached XP level 5. HP: 30/47 MP: 8/8
  2577 | D:3      | Reached * piety under Lugonu
  2712 | D:3      | Found a burning altar of Makhleb.
  2713 | D:3      | Found a shimmering altar of Xom.
  2780 | D:3      | Noticed Natasha
  2795 | D:3      | Killed Natasha
  2815 | D:3      | Reached skill level 5 in Invocations
  2839 | D:3      | Reached XP level 6. HP: 53/53 MP: 9/9
  2974 | D:3      | Noticed an ice beast
  2981 | D:3      | Killed an ice beast
  2981 | D:3      | Reached skill level 5 in Axes
  2981 | D:3      | Reached skill level 5 in Armour
  3304 | D:3      | Noticed Natasha
  3320 | D:3      | Killed Natasha
  3320 | D:3      | Reached XP level 7. HP: 25/59 MP: 10/10
  3512 | D:3      | Reached ** piety under Lugonu
  3512 | D:3      | Reached skill level 7 in Fighting
  4416 | D:5      | Entered Level 5 of the Dungeon
  4521 | D:5      | Reached XP level 8. HP: 53/67 MP: 12/12
  5028 | D:5      | Found a shadowy altar of Dithmenos.
  5166 | D:6      | Found a staircase to the Ecumenical Temple.
  5190 | D:6      | Noticed a two-headed ogre
  5843 | D:6      | Identified a scroll of acquirement
  5843 | D:6      | Acquired the ring "Baxkuase" {rElec rPois Int+4 Dex+2
                  | Stlth+}
  5865 | D:6      | Reached XP level 9. HP: 72/72 MP: 14/14
  6005 | D:6      | Killed a two-headed ogre
  6005 | D:6      | Reached skill level 5 in Dodging
  6016 | D:6      | Reached *** piety under Lugonu
  6278 | D:6      | Found a white marble altar of Elyvilon.
  6398 | D:7      | Found a hazy altar of Hepliaklqana.
  6565 | D:7      | Reached skill level 8 in Fighting
  7087 | D:7      | Got an ichor-stained ring mail
  7098 | D:7      | Identified the +1 ring mail "Dobo" {rC+ MR++ Int-4} (You
                  | found it on level 7 of the Dungeon)
  7659 | D:8      | Found a sacrificial altar of Ru.
  7742 | D:8      | Found a sparkling altar of Nemelex Xobeh.
  7843 | D:8      | Reached XP level 10. HP: 80/80 MP: 17/17
  7940 | D:8      | Reached **** piety under Lugonu
  8144 | D:9      | Noticed Erica
  8169 | D:8      | Reached skill level 5 in Short Blades
  8169 | D:8      | Reached skill level 5 in Long Blades
  8169 | D:8      | Reached skill level 5 in Maces & Flails
  8169 | D:8      | Reached skill level 5 in Polearms
  8169 | D:8      | Reached skill level 5 in Staves
  8169 | D:8      | Reached skill level 5 in Slings
  8169 | D:8      | Reached skill level 5 in Bows
  8169 | D:8      | Reached skill level 5 in Crossbows
  8169 | D:8      | Reached skill level 5 in Throwing
  8169 | D:8      | Reached skill level 5 in Stealth
  8169 | D:8      | Reached skill level 5 in Shields
  8169 | D:8      | Reached skill level 5 in Unarmed Combat
  8169 | D:8      | Reached skill level 5 in Spellcasting
  8169 | D:8      | Reached skill level 5 in Evocations
  8520 | D:9      | Killed Erica
  9249 | D:9      | Found a staircase to the Orcish Mines.
  9259 | Orc:1    | Entered Level 1 of the Orcish Mines
  9271 | Orc:1    | Slain by an orc warrior

Illustrated notes

Levels and vault maps discovered:
D:1:      erik_arrival_orb_chamber, layout_loops_corners
D:2:      layout_loops_corners, kiku_gazebo_garden_becter, nrook_uturn
D:3:      layout_basic, grunt_temple_overflow_champion_of_chaos,
          kennysheep_cross_bottleneck, uniq_natasha
D:4:      layout_rooms
D:5:      layout_loops_ring, lemuel_doored_altar
D:6:      layout_rooms, minmay_temple_entry_ruins, basic_altar
D:7:      layout_loops_ring, lemuel_crystal_altar
D:8:      layout_loops_ring, nicolae_ru_path_of_blood,
          nemelex_xobeh_ov_fountains_minmay
D:9:      layout_big_octagon, old_standard_altar, david_orc_3,
          grunt_ministairs_7, minmay_misc_feat_enclosed, uniq_erica
Orc:1:    layout_caves, gammafunk_ghost_necromancy

Skill      XL: |  1  2  3  4  5  6  7  8  9 10 |
---------------+-------------------------------+-----
Short Blades   | 1 2 3 4 5 |  5.5
Long Blades    | 1 2 3 4 5 |  5.5
Maces & Flails | 1 2 3 4 5 |  5.5
Polearms       | 1 2 3 4 5 |  5.5
Staves         | 1 2 3 4 5 |  5.5
Slings         | 1 2 3 4 5 |  5.5
Bows           | 1 2 3 4 5 |  5.5
Crossbows      | 1 2 3 4 5 |  5.5
Throwing       | 1 2 3 4 5 |  5.5
Stealth        | 1 2 3 4 5 |  5.5
Shields        | 1 2 3 4 5 |  5.5
Unarmed Combat | 1 2 3 4 5 |  5.5
Spellcasting   | 1 2 3 4 5 |  5.5
Evocations     | 1 2 3 4 5 |  5.5
Conjurations   | 1 2 3 4 |  4.5
Hexes          | 1 2 3 4 |  4.5
Summonings     | 1 2 3 4 |  4.5
Necromancy     | 1 2 3 4 |  4.5
Translocations | 1 2 3 4 |  4.5
Transmutations | 1 2 3 4 |  4.5
Fire Magic     | 1 2 3 4 |  4.5
Ice Magic      | 1 2 3 4 |  4.5
Air Magic      | 1 2 3 4 |  4.5
Earth Magic    | 1 2 3 4 |  4.5
Poison Magic   | 1 2 3 4 |  4.5
Dodging        | 3 4 5 6 |  6.2
Invocations    | 5 6 7 |  7.7
Axes           | 5 6 7 |  7.3
Armour         | 5 6 7 |  7.3
Fighting       | 7 8 |  8.7

Action                   |  1- 3 |  4- 6 |  7- 9 | 10-12 || total
-------------------------+-------+-------+-------+-------++-------
Melee: Hand axe          |    43 |   158 |   316 |   160 ||   677
       Bite              |     6 |    22 |    42 |    26 ||    96
       Punch             |       |     1 |     6 |     3 ||    10
Invok: Depart the Abyss  |     1 |       |       |       ||     1
       Banish            |       |       |       |     1 ||     1
Evoke: Wand              |       |       |     2 |       ||     2
  Use: Scroll            |     8 |     7 |    11 |       ||    26
       Potion            |     1 |       |     4 |     1 ||     6
Armor: Scale mail        |    20 |    88 |    38 |       ||   146
       Plate armour      |       |       |   134 |   134 ||   268
       Ring mail         |       |       |     1 |       ||     1
Dodge: Dodged            |    36 |   114 |   176 |   121 ||   447

Table legend: (Time is in decaauts)
 A = Elapsed time spent in this place.
 B = Non-inter-level travel time spent in this place.
 C = Inter-level travel time spent in this place.
 D = Time resting spent in this place.
 E = Time spent auto-exploring this place.
 F = Levels seen in this place.
 G = Mean time per level.
                   A        B        C        D        E       F      G
               +--------+--------+--------+--------+--------+-----+--------+
         Total |   9280 |   9058 |    222 |   3120 |   4221 |  12 |  773.3 |
       Dungeon |   9125 |   8903 |    222 |   3120 |   4132 |   9 | 1013.9 |
  Orcish Mines |     10 |     10 |      0 |      0 |      0 |   1 |   10.0 |
         Abyss |    144 |    144 |      0 |      0 |     89 |   2 |   72.0 |
               +--------+--------+--------+--------+--------+-----+--------+

Top non-repeatable levels by time:
     D:3: 1257 daAuts
     D:6: 1227 daAuts
     D:7: 1147 daAuts
     D:1: 1142 daAuts
     D:2: 1095 daAuts
     D:8: 890 daAuts
     D:9: 839 daAuts
     D:4: 783 daAuts
     D:5: 740 daAuts
 Abyss:2: 132 daAuts
 Abyss:1: 12 daAuts
   Orc:1: 10 daAuts
